 Dungeon Crawl Stone Soup version 0.15.2 (webtiles) character file.

48 RottenBandages the Insei (level 3, -2/29 HPs)
             Began as a Mummy Monk on Oct 31, 2015.
             Slain by Terence
             ... wielding a +0 flail of holy wrath
              (11 damage)
             ... on Level 2 of the Dungeon.
             The game lasted 00:01:54 (984 turns).

RottenBandages the Insei (Mummy Monk)                Turns: 984, Time: 00:01:54

HP  -2/29        AC  3     Str 14      XL: 3   Next: 50%
MP   3/3         EV 13     Int  9      God:
Gold 119         SH  0     Dex 15      Spells:  0 memorised,  2 levels left

rFire  x . .     SeeInvis .       - Unarmed
rCold  + . .     Clarity  .     a - +0 robe
rNeg   + + +     rCorr    .     (no shield)
rPois  +         rRot     +     (no helmet)
rElec  .         Spirit   .     (no cloak)
SustAb .         Warding  .     (no gloves)
rMut   .         Stasis   .     c - +0 pair of boots
Gourm  .                        (no amulet)
MR     .....                    (no ring)
                                (no ring)

@: not resistant to hostile enchantments, unstealthy
A: no food or potions, fire vulnerability, restore body, cold resistance 1,
negative energy resistance 3, poison resistance, torment resistance, unbreathing
a: no special abilities


You were on level 2 of the Dungeon.
You were not hungry.

You visited 1 branch of the dungeon, and saw 2 of its levels.

You collected 119 gold pieces.


Innate Abilities, Weirdness & Mutations

You do not eat or drink.
Your flesh is vulnerable to fire.
Your flesh is cold resistant.
You are immune to negative energy.
Your system is resistant to poisons.
You are immune to unholy pain and torment.
You can survive without breathing.


   Skills:
 - Level 3.0 Fighting
 - Level 2.4 Dodging
 - Level 1.5 Stealth
 + Level 4.3 Unarmed Combat


You had 2 spell levels left.
You didn't know any spells.

Inventory:

Armour
 a - a +0 robe (worn)
 c - a +0 pair of boots (worn)
Scrolls
 b - 2 scrolls of enchant weapon {unknown}
 d - a scroll of remove curse {unknown}
 e - a scroll of teleportation {unknown}
 f - a scroll of enchant armour {unknown}

Dungeon Overview and Level Annotations

Branches:
Dungeon (2/15)

Altars:

Annotations:
D:2 Terence

.................................
.........#......##.#.............
#######..#.....###.....#.....###.
##......#..#####......#### #.
###......@....##...#.......###.
#......#####...............)...
##.####@## #.........##.##.###.
##..# #..# #.............#..##.
#..## ##.# ###M#.......#..#.##.
#.#######.######@#......###....#.
........)...[....#...... ##.....
##########.#######...... ###...
#..####....### #.... ##%...#.# .#
#..## ####@..#..# #.## ##....# ..
####..#### ..#


You could see Terence.


Message History

A rat comes into view.
You see here a robe.
The rat bites you but does no damage.
You barely miss the rat. The rat barely misses you. The rat barely misses you.
The rat closely misses you.
You see here a robe.
You punch the rat!
You kill the rat!
Terence shouts, "Get ready for death!"
Terence zaps a wand.
The puff of frost misses you.
You see here a robe.
Terence zaps a wand.
The puff of frost hits you! You resist.
Terence zaps a wand.
The puff of frost misses you.
Terence zaps a wand.
The puff of frost hits you! You resist.
Terence bares his teeth.
You see here a robe.
You swing at nothing.
You hit Terence but do no damage. Your punch misses Terence.
Terence barely misses you.
You barely miss Terence.
Terence asks, "Do you want it fast or slow?"
Terence barely misses you.
You hit Terence. You punch Terence, but do no damage.
Terence is moderately wounded.
Terence shouts, "Now you die!" Terence hits you with a runed flail!
* * * LOW HITPOINT WARNING * * *
You convulse!
You die...

Action                   || total
-------------------------++-------
Melee: Unarmed           ||   115
 Stab: Sleeping          ||     2

Vault maps used:
D:1:      scummos_arrival_hexagon, minmay_fountain_box, hangedman_decor_growths
D:2:      st_stairs_5, grunt_ministairs_8, uniq_terence

Notes
Turn   | Place    | Note
--------------------------------------------------------------
     0 | D:1      | RottenBandages, the Mummy Monk, began the quest for the Orb.
     0 | D:1      | Reached XP level 1. HP: 18/18 MP: 1/1
   254 | D:1      | Reached XP level 2. HP: 18/24 MP: 2/2
   576 | D:2      | Reached skill level 4 in Unarmed Combat
   709 | D:2      | Reached XP level 3. HP: 22/29 MP: 3/3
   892 | D:2      | Noticed Terence
   984 | D:2      | Slain by Terence

Vanquished Creatures
  An adder (D:2)
  A giant gecko (D:2)
  A ball python (D:2)
  2 giant cockroaches (D:2)
  7 goblins
  2 hobgoblins
  4 jackals (D:2)
  9 bats
  2 giant newts
  3 kobolds
  3 rats
35 creatures vanquished.
